 Dungeon Crawl Stone Soup version 0.17.1-1-g73c8601 (webtiles) character file.

4675 Peloso the Covered (level 10, -7/84 HPs)
             Began as a Demigod Fighter on Jan 2, 2016.
             Mangled by Erolcha
             ... wielding a +0 giant club
              (15 damage)
             ... on level 8 of the Dungeon.
             The game lasted 00:27:57 (10851 turns).

Peloso the Covered (Demigod Fighter)               Turns: 10851, Time: 00:27:57

Health: -7/84      AC: 19    Str: 25    XL:     10   Next: 1%
Magic:  13/13      EV: 11    Int: 16    God:
Gold:   479        SH:  8    Dex: 15    Spells: 0 memorised, 9 levels left

rFire  . . .     SeeInvis .     c - +4 scimitar (flame)
rCold  + . .     Clarity  +     r - +0 chain mail
rNeg   . . .     SustAt   +     h - +2 buckler
rPois  .         Gourm    .     q - +1 helmet
rElec  .         Spirit   .     (no cloak)
rCorr  .         Warding  .     b - +0 pair of gloves
rMut   .         Stasis   .     t - +3 pair of boots of Summer {*Corrode Int+4}
MR     +....                    G - amulet of clarity
Stlth  ..........               (no ring)
                                y - ring of protection from cold

@: lethally poisoned (-7 -> -12), somewhat resistant to hostile enchantments,
extremely unstealthy
A: molten scales 1, high mp 1, sustain attributes
a: no special abilities


You were on level 8 of the Dungeon.
You were not hungry.

You visited 1 branch of the dungeon, and saw 8 of its levels.

You collected 479 gold pieces.

Inventory:

Hand Weapons
 a - a +1 long sword
 c - a +4 scimitar of flaming (weapon)
 i - a +2 dagger of venom
 H - a cursed -2 whip
Armour
 b - a +0 pair of gloves (worn)
 h - a +2 buckler (worn)
 q - a +1 helmet (worn)
 r - a +0 chain mail (worn)
 t - the +3 pair of boots of Summer (worn) {*Corrode Int+4}
   (You acquired it on level 7 of the Dungeon)

   It affects your intelligence (+4).
   It may corrode your equipment when you take damage.
Jewellery
 y - a ring of protection from cold (left hand)
 G - an amulet of clarity (around neck)
Wands
 s - a wand of frost (16)
 O - a wand of magic darts (22)
Scrolls
 k - 2 scrolls of silence {unknown}
 m - a scroll of fog
 n - a scroll of enchant armour
 x - 3 scrolls of teleportation
 A - a scroll of remove curse
 I - a scroll of random uselessness {unknown}
 J - a scroll of immolation {unknown}
 M - 3 scrolls of identify
 P - a scroll of recharging {unknown}
Potions
 d - 2 potions of resistance {unknown}
 l - a potion of heal wounds
 p - 2 potions of curing
 z - 3 potions of flight {unknown}
 B - 3 potions of ambrosia {unknown}
 C - a potion of degeneration {unknown}
 D - a potion of poison {unknown}
 E - a potion of cancellation {unknown}
Comestibles
 e - 6 bread rations
 f - 8 chunks of flesh
 g - 4 meat rations
 j - a beef jerky
 u - 3 slices of pizza


   Skills:
 + Level 6.6 Fighting
 + Level 6.8 Long Blades
 + Level 7.2 Armour
 + Level 5.3 Dodging
 + Level 1.5 Stealth
 + Level 6.1 Shields


You had 9 spell levels left.
You didn't know any spells.

Dungeon Overview and Level Annotations

Branches:
Dungeon (8/15)             Temple (0/1) D:4
   Lair: D:8-11

Annotations:
D:8 Erolcha


Innate Abilities, Weirdness & Mutations

You have an increased reservoir of magic (+10% MP).
Your attributes are resistant to harm.
You are partially covered in molten scales (AC +1).


Message History

Erolcha is severely wounded.
Erolcha casts a spell.
Erolcha flickers and vanishes!
Deactivating autopickup; reactivate with Ctrl-A.
You hit something.
You feel sick. Something hits you!
You closely miss something. Something hits you!
You hit something but do no damage. Something hits you.
You closely miss something. You barely miss something.
You feel sick.
You are no longer poisoned.
Something hits you but does no damage.
You barely miss something. Something hits you!
You barely miss something.
You hear some strange, mumbled words.
A bolt of poison appears from out of thin air!
The bolt of poison hits you!
You are poisoned.
* * * LOW HITPOINT WARNING * * *
You barely miss something.
You feel sick. Something hits you!
You die...

####(#..#.#######...........
((........########..........
####.#.............#########
# #.##.#.#######..# #
#.##.#.# #..# # #.##.#.#
#..# # #.##.... ##..##### #
#.####.. #.......# # #..
...# #@..###.# #.# #{..#
#...# ...... ....#### ######


There were no monsters in sight!

Vanquished Creatures
  Erica (D:8)
  The ghost of Mysteryquy the Grappler, a novice VSMo of Cheibriados (D:7)
  Psyche (D:8)
  A two-headed ogre (D:8)
  A steam dragon (D:7)
  2 hippogriffs
  An orc warrior (D:6)
  The ghost of SomeoneSimple the Skirmisher, an amateur VSFi (D:4)
  2 ice beasts
  A phantom (D:5)
  3 ogres
  4 centaurs
  5 giant frogs
  3 scorpions
  A water moccasin skeleton (D:7)
  2 jellies
  2 crimson imps (D:5)
  8 orc wizards
  2 iguanas
  A giant frog skeleton (D:5)
  4 orc priests
  2 hounds
  5 worker ants
  A hound zombie (D:8)
  12 adders
  9 gnolls
  3 shadow imps
  3 worms
  6 giant geckos
  22 orcs
  5 ball pythons
  8 giant cockroaches
  9 goblins
  5 hobgoblins
  9 jackals
  6 kobolds
  3 quokkas
  5 bats (D:2)
  A giant gecko zombie (D:8)
  5 giant newts
  A quokka skeleton (D:4)
  9 rats
  A spectral orc (D:8)
177 creatures vanquished.

Notes
Turn   | Place    | Note
--------------------------------------------------------------
     0 | D:1      | Peloso the Demigod Fighter began the quest for the Orb.
     0 | D:1      | Reached XP level 1. HP: 18/18 MP: 3/3
   354 | D:1      | Reached skill level 3 in Armour
   354 | D:1      | Reached XP level 2. HP: 25/25 MP: 4/4
  1189 | D:2      | Reached XP level 3. HP: 21/31 MP: 5/5
  1796 | D:2      | Reached skill level 1 in Dodging
  2055 | D:1      | Reached XP level 4. HP: 23/38 MP: 6/6
  3283 | D:3      | Found a sacrificial altar of Ru.
  3578 | D:3      | Reached XP level 5. HP: 45/45 MP: 7/7
  3935 | D:4      | Found an opulent altar of Gozag.
  4085 | D:4      | Found a staircase to the Ecumenical Temple.
  5047 | D:4      | Noticed SomeoneSimple's ghost (amateur VSFi)
  5060 | D:4      | Killed SomeoneSimple's ghost
  5060 | D:4      | Reached XP level 6. HP: 39/52 MP: 8/8
  5102 | D:5      | Entered Level 5 of the Dungeon
  5214 | D:5      | Found a snail-covered altar of Cheibriados.
  5269 | D:5      | Reached skill level 4 in Armour
  5329 | D:5      | Found a shattered altar of Ashenzari.
  5330 | D:5      | Noticed a hippogriff
  5340 | D:5      | Killed a hippogriff
  5605 | D:5      | Reached XP level 7. HP: 59/59 MP: 9/9
  6299 | D:5      | Reached skill level 1 in Stealth
  6575 | D:5      | Reached skill level 5 in Armour
  6710 | D:5      | Reached XP level 8. HP: 52/67 MP: 10/10
  6902 | D:6      | Gained mutation: You are partially covered in molten scales (AC +1). [potion of beneficial mutation]
  6943 | D:6      | HP: 2/67 [adder (5)]
  7275 | D:6      | Reached skill level 5 in Fighting
  7649 | D:6      | Reached skill level 5 in Shields
  8076 | D:7      | Reached skill level 6 in Armour
  8077 | D:7      | Reached skill level 5 in Long Blades
  8410 | D:7      | Noticed Mysteryquy's ghost (novice VSMo)
  8450 | D:7      | Killed Mysteryquy's ghost
  8450 | D:7      | Reached skill level 5 in Dodging
  8450 | D:7      | Reached XP level 9. HP: 36/75 MP: 11/11
  8659 | D:7      | Found a bloodstained altar of Trog.
  8728 | D:7      | Identified a scroll of acquirement
  8731 | D:7      | Got a pair of encrusted boots
  8742 | D:7      | Identified the +3 pair of boots of Summer {*Corrode Int+4} (You acquired it on level 7 of the Dungeon)
  9179 | D:8      | Found a blossoming altar of Fedhas.
  9456 | D:8      | Found a basalt altar of Yredelemnul.
  9456 | D:8      | Noticed Psyche
  9473 | D:8      | Killed Psyche
  9473 | D:8      | Reached skill level 7 in Armour
  9775 | D:8      | Noticed Erica
 10195 | D:8      | Killed Erica
 10629 | D:8      | Reached XP level 10. HP: 84/84 MP: 13/13
 10816 | D:8      | Noticed Erolcha
 10851 | D:8      | Mangled by Erolcha

Action                   |  1- 3 |  4- 6 |  7- 9 | 10-12 || total
-------------------------+-------+-------+-------+-------++-------
Melee: Long sword        |   149 |   260 |   449 |       ||   858
       Scimitar          |       |       |     6 |    47 ||    53
  Use: Scroll            |       |     5 |     8 |       ||    13
       Potion            |       |     1 |     7 |       ||     8
  Eat: Chunk             |     3 |    10 |    14 |     1 ||    28
       Royal jelly       |       |     1 |       |       ||     1
       Beef jerky        |       |       |     2 |       ||     2
